Map: Alcyone LE

Players

MajinBob

  • Race: Protoss Protoss
  • League: Diamond
  • Spawn Location: 1:00

TerranYOUup - Winner!

  • Race: Terran Terran
  • League: Master
  • Spawn Location: 7:00

VOD

Have the link to the VOD?

Description

Time

  • Played on: Nov. 27, 2023, 3:51 p.m.
  • Length: 14:17
Show
View Real Time Build Order
Export as new Build Order

MajinBob Protoss 

Build Orders: 1 Gate Expand 

Get SALT Encoding   

  12  0:02  Probe  
  14  0:14  Probe  
  14  0:18  Pylon  
  14  0:26  Probe (Chrono Boost)  
  15  0:37  Gateway  
  15  0:38  Probe (Chrono Boost)  
  16  0:43  Probe (Chrono Boost)  
  16  0:46  Assimilator  
  17  0:53  Probe  
  18  1:06  Probe  
  19  1:18  Probe  
  20  1:24  Cybernetics Core  
  20  1:39  Nexus  
  20  1:42  Pylon  
  20  1:51  Assimilator  
  20  1:53  Probe  
  21  1:58  Adept (Chrono Boost)  
  23  2:05  Probe  
  24  2:10  Warp Gate  
  24  2:17  Probe  
  24  2:19  Adept (Chrono Boost)  
  27  2:29  Probe  
  28  2:42  Probe  
  29  2:44  Stalker  
  31  2:53  Gateway  
  31  2:54  Gateway, Probe  
  30  3:10  Probe x2  
  32  3:13  Pylon  
  32  3:22  Probe  
  32  3:23  Robotics Facility, Probe  
  32  3:26  Pylon  
  34  3:31  Stalker (Chrono Boost)  
  36  3:37  Probe x2  
  38  3:49  Probe  
  39  3:59  Stalker x2  
  39  4:02  Probe x2  
  45  4:15  Observer (Chrono Boost)  
  38  4:30  Stalker  
  38  4:31  Stalker x2  
  44  4:57  Probe x2  
  43  5:02  Twilight Council  
  41  5:09  Probe x2  
  43  5:16  Stalker  
  43  5:21  Probe x2  
  47  5:30  Forge  
  47  5:33  Probe x2  
  49  5:41  Blink (Chrono Boost)  
  43  5:45  Probe  
  41  5:58  Probe  
  42  6:04  Photon Cannon  
  42  6:06  Photon Cannon  
  42  6:15  Probe  
  43  6:20  Nexus  
  43  6:21  Stalker  
  44  6:35  Stalker  
  44  7:06  Stalker  
  46  7:24  Observer (Chrono Boost)  
  46  7:25  Probe x2  
  49  7:37  Probe  
  48  7:48  Probe  
  48  7:49  Probe  
  48  8:05  Stalker x2  
  48  8:06  Stalker  
  48  8:08  Probe x3  
  57  8:20  Probe x3  
  57  8:25  Gateway  
  57  8:26  Gateway x2  
  60  8:32  Probe  
  46  9:12  Stalker x3  
  50  9:17  Pylon  
  50  9:28  Probe x3  
  53  9:35  Photon Cannon  
  53  9:40  Probe x2  
  53  9:56  Stalker x6  
  65  10:00  Probe x2  
  65  10:01  Probe  
  58  10:14  Observer  
  58  10:19  Stalker x3  
  56  10:24  Probe x3  
  59  10:36  Probe x3  
  59  10:42  Stalker x2  
  62  10:48  Probe x2  
  62  11:02  Stalker  
  56  11:11  Stalker  
  50  11:16  Probe x3  
  51  11:28  Probe  
  51  11:29  Nexus  
  52  11:37  Assimilator, Probe x2  
  52  11:38  Assimilator  
  54  11:40  Protoss Ground Weapons Level 1 (Chrono Boost), Probe (Chrono Boost)  
  55  11:50  Probe (Chrono Boost)  
  55  11:53  Probe (Chrono Boost)  
  58  11:54  Probe (Chrono Boost)  
  58  11:57  Immortal (Chrono Boost)  
  58  12:00  Probe (Chrono Boost)  
  65  12:02  Probe (Chrono Boost)  
  65  12:04  Probe (Chrono Boost)  
  65  12:05  Probe (Chrono Boost)  
  65  12:06  Pylon  
  66  12:12  Photon Cannon, Probe  
  66  12:13  Probe  
  66  12:15  Probe  
  68  12:24  Probe, Stalker x2  
  68  12:25  Probe  
  68  12:27  Probe  
  74  12:37  Probe x2  
  75  12:39  Probe  
  75  12:49  Probe  
  75  12:50  Stalker  
  75  12:51  Stalker  
  80  12:53  Probe x2  
  82  13:00  Unknown  
  82  13:01  Probe  
  85  13:07  Probe x2 (Chrono Boost)  
  85  13:08  Gateway  
  85  13:11  Gateway  
  85  13:13  Robotics Facility, Probe (Chrono Boost)  
  85  13:17  Pylon  
  85  13:18  Stalker x3  
  85  13:19  Pylon  
  94  13:22  Probe x3 (Chrono Boost), Pylon  
  91  13:52  Stalker x3  
  91  13:53  Stalker x2  
  86  14:07  Stalker  
Show
View Real Time Build Order
Export as new Build Order

TerranYOUup Terran - Winner!

Build Orders: Liberator Opening, Mech 

Get SALT Encoding   

  12  0:00  SCV  
  13  0:12  SCV  
  14  0:17  Supply Depot  
  14  0:24  SCV  
  14  0:27  Refinery  
  15  0:39  SCV  
  16  0:45  Barracks  
  16  0:51  SCV  
  16  0:55  Refinery  
  17  1:03  SCV  
  18  1:15  SCV  
  19  1:27  SCV  
  20  1:33  Marine  
  20  1:39  Orbital Command  
  21  1:50  Factory  
  21  1:57  Marine  
  22  2:04  Supply Depot  
  22  2:05  SCV  
  23  2:26  SCV  
  23  2:27  Bunker  
  24  2:35  Factory Reactor  
  24  2:37  Starport  
  24  2:40  SCV  
  25  2:45  Armory  
  25  2:49  Marine  
  26  2:53  SCV  
  27  3:11  Supply Depot  
  28  3:13  Widow Mine  
  28  3:15  Widow Mine  
  31  3:20  Medivac  
  33  3:31  Supply Depot  
  33  3:34  Widow Mine  
  33  3:37  Widow Mine  
  37  3:49  Marine  
  37  3:50  Liberator  
  41  3:56  Widow Mine  
  41  3:57  Supply Depot  
  41  3:58  Widow Mine  
  45  4:19  Widow Mine  
  45  4:20  Widow Mine  
  47  4:32  Liberator  
  40  4:56  Widow Mine x2  
  44  5:06  Command Center  
  41  5:15  Liberator  
  41  5:18  Widow Mine x2  
  46  5:39  Widow Mine x2  
  46  5:52  Barracks  
  46  5:54  Barracks  
  43  5:58  Factory, Medivac  
  43  6:01  Widow Mine x2  
  43  6:02  Barracks Reactor  
  49  6:27  Widow Mine x2  
  48  6:56  Barracks Reactor x2, Factory Tech Lab  
  48  6:59  Orbital Command  
  47  7:11  Marine x2  
  49  7:20  Liberator  
  50  7:29  Siege Tank, Marine x2  
  54  7:33  Factory  
  54  7:35  SCV x2  
  52  7:55  Marine x2  
  50  8:01  Siege Tank  
  51  8:12  SCV  
  52  8:40  Siege Tank, Marine  
  52  8:41  Marine x4  
  50  8:42  Factory Tech Lab  
  50  8:55  Medivac, Widow Mine x2  
  56  8:58  Marine x3  
  58  9:05  Orbital Command  
  58  9:09  SCV  
  59  9:21  SCV  
  57  9:31  Liberator  
  57  9:34  SCV  
  61  9:44  Siege Tank  
  61  9:45  Marine x5  
  63  9:46  SCV x2  
  63  9:57  Widow Mine  
  63  9:58  Widow Mine  
  67  10:02  Refinery  
  67  10:03  Refinery  
  65  10:13  Siege Tank, Marine x6  
  51  10:31  Widow Mine x2, Marine x4  
  59  10:38  Marine x2  
  59  10:39  Siege Tank  
  64  10:48  Marine  
  61  10:50  Marine x3  
  61  10:56  Marine x2  
  58  11:03  Siege Tank  
  55  11:06  Marine  
  55  11:07  Marine  
  55  11:08  Marine  
  55  11:09  SCV x2  
  60  11:21  SCV, Marine x2  
  60  11:22  SCV  
  63  11:32  Widow Mine  
  64  11:33  Medivac, Widow Mine, SCV  
  64  11:35  SCV  
  68  11:46  SCV  
  69  11:47  SCV  
  70  12:03  Supply Depot  
  70  12:04  Supply Depot  
  70  12:05  Supply Depot  
  70  12:20  SCV x2  
  70  12:24  Liberator  
  70  12:25  Siege Tank  
  70  12:26  Siege Tank, Marine x6  
  70  12:29  Supply Depot x2  
  81  12:32  SCV x2  
  81  12:44  SCV x2  
  81  12:50  Widow Mine x2  
  83  12:52  Marine x2  
  83  12:53  Marine  
  83  12:56  SCV  
  83  12:58  Siege Tank  
  91  13:02  Orbital Command  
  90  13:18  Refinery  
  90  13:22  Refinery  
  86  13:35  Siege Tank x2, Marine  
  86  13:36  Marine x5  
  95  13:53  Marine x3  
  95  13:54  Marine x2  
  100  14:00  SCV x2  
  106  14:16  Command Center  
Tags
 
Add a new tag
Caveats
  • Supply blocks, unpowered buildings, or Contaminate may cause inaccurate times.
  • Supply counts are checked every 10 seconds.